 Dungeon Crawl Stone Soup version 0.31.0-12-g77e489cdc1 (webtiles) character file.

Game seed: 7582492807420608040

42 cdecastro the Cudgeller (level 3, -1/29 HPs)
             Began as an Armataur Warper on Feb 28, 2024.
             Slain by a gnoll
             ... wielding a +0 flail
              (10 damage)
             ... on level 2 of the Dungeon.
             The game lasted 00:01:29 (845 turns).

cdecastro the Cudgeller (Armataur Warper)            Turns: 845, Time: 00:01:30

Health: -1/29      AC:  8    Str: 18    XL:     3   Next: 35%
Magic:  5/5        EV:  7    Int: 13    God:
Gold:   54         SH:  0    Dex:  9    Spells: 5/5 levels left

rFire   . . .        a - +0 mace
rCold   . . .        (no shield)
rNeg    . . .        b - +0 leather armour
rPois   .            (no helmet)
rElec   .            (no cloak)
rCorr   .            (no gloves)
SInv    .            j - +0 barding
Will    .....        (no amulet)
Stlth   +            o - ring of flight
HPRegen 0.24/turn    (no ring)
MPRegen 0.09/turn

%: roll
@: flying
A: large, deformed body, tough skin 3, armoured tail, roll 1
a: no special abilities


You were on level 2 of the Dungeon.
You visited 1 branch of the dungeon, and saw 2 of its levels.

You collected 54 gold pieces.

Inventory:

Hand Weapons
 a - a +0 mace (weapon)
Missiles
 d - 7 darts of dispersal (quivered)
 g - 4 poisoned darts
Armour
 b - a +0 leather armour (worn)
 j - a +0 barding (worn)
Magical Staves
 q - a staff of conjuration
Jewellery
 o - a ring of flight (left hand)
Scrolls
 c - a scroll of blinking
 e - a scroll of summoning {unknown}
 f - a scroll of immolation {unknown}
 l - a scroll of identify {unknown}
 n - a scroll of noise {unknown}
 r - a scroll of enchant armour {unknown}
Potions
 h - a potion of mutation {unknown}
 i - a potion of curing {unknown}
 k - a potion of resistance {unknown}
 m - a potion of brilliance {unknown}
 p - a potion of magic {unknown}


   Skills:
 - Level 1.7 Fighting
 + Level 3.5 Maces & Flails
 - Level 0.8 Throwing
 - Level 1.2 Armour
 - Level 1.3 Dodging
 - Level 1.7 Spellcasting
 - Level 3.0 Translocations


You had 5 spell levels left.
You didn't know any spells.
Your spell library contained the following spells:

 Spells                   Type           Power      Damage    Failure   Level
 Blink                    Tloc           16%        N/A       14%         2
 Lesser Beckoning         Tloc           16%        N/A       14%         2
 Teleport Other           Tloc           8%         N/A       26%         3
 Ensorcelled Hibernation  Hex/Ice        2%         N/A       43%         2
 Manifold Assault         Tloc           8%         N/A       65%         4
 Passwall                 Erth           1%         N/A       67%         3
 Swiftness                Air            1%         N/A       67%         3
 Vhi's Electric Charge    Tloc/Air       10%        N/A       86%         4


Dungeon Overview and Level Annotations

Branches:
Dungeon (2/15)

Altars:


Innate Abilities, Weirdness & Mutations

Armour fits poorly on your strangely shaped body.
You have extremely tough skin. (AC +3)
You have a long armoured tail.
You regenerate magic when rolling toward enemies. (Rampage MPRegen)


Message History

No target in view!
No target in view!
p - a metallic dark potion
Found a stone staircase leading up.
q - a staff of conjuration
Found 8 stones.
There is a stone staircase leading up here.
You see here a +0 spear.
A ball python comes into view.
The ball python hisses angrily.
A ball python is nearby!
A ball python is nearby!
A ball python is nearby!
You roll towards the ball python!
You roll towards the ball python!
The ball python barely misses you. The ball python bites you.
You barely miss the ball python.
The ball python bites you but does no damage.
You hit the ball python.
You kill the ball python!
You see here a ball python corpse.
You see here a ball python corpse.
r - a scroll labelled YXKUARCHA YNGO A gnoll comes into view.
It is wielding a +0 flail.
Found 8 gold pieces.
A gnoll is nearby!
A gnoll is nearby!
You hit the gnoll.
Your tail-slap misses the gnoll.
The gnoll is moderately wounded.
The gnoll hits you with a +0 flail!
You hit the gnoll.
The gnoll is severely wounded.
The gnoll hits you with a +0 flail.
* * * LOW HITPOINT WARNING * * *
The gnoll hits you with a +0 flail.
* * * LOW HITPOINT WARNING * * *
You barely miss the gnoll.
The gnoll is severely wounded.
The gnoll hits you with a +0 flail!
You die...

#....##..............#
##..##.#.........#...#
.#..#.#.#........#...#
#....#.##........#...#
......##.#.......#####
........#.#..)...#
.........##..#####
...........#...#####
.............#..@g.#
........######..##.#
.....†..# #..# $.
........# ..... ...
........# ....... ...
........##......... ##
........+...........
........#...........#
####+##.#


You could see a gnoll.

Vanquished Creatures
  An adder (D:2)
  3 dart slugs (D:1)
  5 bats (D:1)
  3 endoplasms
  2 giant cockroaches (D:1)
  4 hobgoblins
  A quokka (D:1)
  A ball python (D:2)
  4 frilled lizards
  A kobold (D:1)
  2 rats
27 creatures vanquished.

Notes
Turn   | Place    | Note
-------+----------+-------------------------------------------
     0 | D:1      | cdecastro the Armataur Warper began the quest for the Orb.
     0 | D:1      | Reached XP level 1. HP: 17/17 MP: 3/3
   138 | D:1      | Reached XP level 2. HP: 24/24 MP: 4/4
   600 | D:1      | Reached XP level 3. HP: 23/29 MP: 5/5
   845 | D:2      | Slain by a gnoll

Illustrated notes

Levels and vault maps discovered:
D:1:      dpeg_arrival_erosion, layout_rooms, st_stairs_14
D:2:      layout_basic, minmay_misc_feat_secret_circle,
          minmay_misc_feat_enclosed

Skill      XL: |  1  2 |
---------------+-------+-----
Maces & Flails | 2 3 |  3.5
Fighting       | |  1.7
Throwing       | |  0.8
Armour         | |  1.2
Dodging        | |  1.3
Spellcasting   | |  1.7
Translocations | |  3.0

Action                     || total
---------------------------++-------
  Melee: Mace              ||    86
         Tailslap          ||     3
 Armour: Leather armour    ||    83
  Dodge: Dodged            ||    51
